 Dungeon Crawl Stone Soup version 0.19.0-26-g9e9c210 (webtiles) character file.

1070897 kengeki the Axe Maniac (level 27, -7/273 HPs)
             Began as a Hill Orc Fighter on Nov 21, 2016.
             Was the Champion of Kikubaaqudgha.
             Killed from afar by Beiqurgh the pandemonium lord (38 damage)
             ... with a lance of force
             ... on level 5 of the Depths on Nov 23, 2016.
             The game lasted 21:12:49 (113185 turns).

kengeki the Axe Maniac (Hill Orc Fighter)         Turns: 113185, Time: 21:12:50

Health: -7/273     AC: 50    Str: 27    XL:     27
Magic:  28/39      EV: 18    Int: 14    God:    Kikubaaqudgha [******]
Gold:   11722      SH:  0    Dex: 16    Spells: 16 memorised, 1 level left

rFire  + + .     SeeInvis +     c - +8 frozen axe "Frostbite" {freezing cloud, *Noise +Fly rC+}
rCold  + . .     Gourm    .     W - +8 orange crystal plate armour {Archmagi, Int+3 Clar}
rNeg   + + +     Faith    .     (shield currently unavailable)
rPois  .         Spirit   .     J - +0 hat of Modesty {rF++ rN++ SInv}
rElec  +         Reflect  .     Y - +2 cloak {+Inv}
rCorr  +         Harm     .     Z - +0 pair of gloves "Nufiosh" {rElec Regen+ Int+2}
MR     +++..     Clarity  +     r - +1 pair of boots {Fly}
Stlth  ..........               U - amulet "Ziemab" {+Rage rN+ Dex+4}
                                g - ring "Vaer Xus" {MR+ Dex+2}
                                z - ring "Vykuraj" {rCorr rN++}

@: lethally poisoned (-7 -> -66), about to teleport, flying, slightly
contaminated, repel missiles
A: molten scales 1, berserk 2, blurry vision 1, deterioration 1, dopey 1, weak
1, no device heal 1
a: Receive Corpses, Torment, Renounce Religion, Evoke Berserk Rage, Evoke
Invisibility, Stop Flying
}: 8/15 runes: serpentine, barnacled, slimy, silver, golden, obsidian, bone,
abyssal


You were on level 5 of the Depths.
You worshipped Kikubaaqudgha.
Kikubaaqudgha was exalted by your worship.
You were full.

You visited 16 branches of the dungeon, and saw 76 of its levels.
You visited the Abyss 3 times.
You visited 1 bazaar.
You visited 1 ziggurat, and saw 10 of its levels.
You also visited: Bailey, Ice Cave and Volcano.

You collected 16345 gold pieces.
You spent 4623 gold pieces at shops.

Inventory:

Hand Weapons
 a - a +9 battleaxe of freezing
 c - the +8 frozen axe "Frostbite" (weapon) {freezing cloud, *Noise +Fly rC+}
   (You found it on level 7 of Tartarus)

   It has been specially enchanted to freeze those struck by it, causing extra
   injury to most foes and up to half again as much damage against particularly
   susceptible opponents.
   It can also slow down cold-blooded creatures.
   It protects you from cold.
   It lets you fly.
   It may make noises in combat.
 d - a +9 executioner's axe of draining
Armour
 r - a +1 pair of boots of flying (worn)
 J - the +0 hat of Modesty (worn) {rF++ rN++ SInv}
   (Okawaru gifted it to you on level 3 of the Depths)

   It greatly protects you from fire.
   It greatly protects you from negative energy.
   It lets you see invisible.
 W - the +8 orange crystal plate armour (worn) {Archmagi, Int+3 Clar}
   (You took it off a vault warden on level 5 of the Vaults)

   It affects your intelligence (+3).
   It protects you against confusion.
 Y - a +2 cloak of invisibility (worn)
 Z - the +0 pair of gloves "Nufiosh" (worn) {rElec Regen+ Int+2}
   (You found it on level 3 of the Vaults)

   It affects your intelligence (+2).
   It insulates you from electricity.
   It increases your rate of regeneration.
Magical Staves
 b - an uncursed staff of energy
Rods
 l - a +1 rod of shadows (14/14)
   (You found it on level 3 of the Elven Halls)
Jewellery
 f - an uncursed ring of poison resistance
 g - the ring "Vaer Xus" (right hand) {MR+ Dex+2}
   (You took it off a siren on level 4 of the Shoals)

   [ring of dexterity]

   It affects your dexterity (+2).
   It affects your resistance to hostile enchantments.
 n - an uncursed ring of protection from magic
 o - the ring "Dirgholook" {rC+ SInv}
   (You took it off an ironheart preserver on level 1 of the Vaults)

   [ring of protection from cold]

   It protects you from cold.
   It lets you see invisible.
 y - an uncursed ring of protection from fire
 z - the ring "Vykuraj" (left hand) {rCorr rN++}
   (You found it on level 2 of the Tomb of the Ancients)

   [ring of resist corrosion]

   It greatly protects you from negative energy.
 U - the amulet "Ziemab" (around neck) {+Rage rN+ Dex+4}
   (You took it off a deep elf mage on level 3 of the Elven Halls)

   [amulet of rage]

   It affects your dexterity (+4).
   It protects you from negative energy.
   It lets you go berserk.
Wands
 i - a wand of teleportation (9/9)
 u - a wand of disintegration (13/24)
 x - a wand of paralysis (15/24)
 B - a wand of digging (2/24)
 D - a wand of disintegration (11/24)
 G - a wand of hasting (5/9)
 N - a wand of slowing (20/48)
 Q - a wand of digging (10/24)
 S - a wand of heal wounds (9/9)
Scrolls
 h - 8 scrolls of fear
 j - 5 scrolls of immolation
 k - 4 scrolls of silence
 m - 3 scrolls of fog
 p - 4 scrolls of summoning
 s - 2 scrolls of enchant armour
 E - 22 scrolls of teleportation
 H - 11 scrolls of vulnerability
 I - 8 scrolls of recharging
 O - 6 scrolls of identify
 P - 3 scrolls of holy word
 R - 18 scrolls of remove curse
 T - a scroll of enchant weapon
Potions
 q - 2 potions of magic
 t - a potion of experience
 C - 2 potions of beneficial mutation
 L - a potion of haste
 M - 8 potions of curing
Miscellaneous
 e - a fan of gales
 v - a disc of storms
 F - 3 phantom mirrors
Comestibles
 w - 12 chunks of flesh
 V - 27 bread rations


   Skills:
 O Level 27 Fighting
 O Level 27 Axes
 O Level 27 Armour
 + Level 19.8 Dodging
   Level 3.2 Shields
 - Level 12.0 Spellcasting
 - Level 18.0 Conjurations
 - Level 9.0 Charms
 - Level 6.0 Summonings
 - Level 18.0 Necromancy
 - Level 11.0 Translocations
 - Level 10.1 Transmutations
 - Level 8.1 Air Magic
 - Level 18.1 Earth Magic
   Level 10.0 Invocations
 - Level 18.0 Evocations


You had one spell level left.
You knew the following spells:

 Your Spells              Type           Power        Failure   Level  Hunger
a - Apportation           Tloc           ######....   1%          1    None
b - Blink                 Tloc           N/A          1%          2    None
d - Animate Dead          Necr           N/A          1%          4    ###....
g - Shroud of Golubria    Chrm/Tloc      ######....   1%          2    None
h - Sublimation of Blood  Necr           ######....   1%          2    None
i - Iron Shot             Conj/Erth      ######....   6%          6    ######.
l - Lesser Beckoning      Tloc           ######....   1%          3    None
m - Repel Missiles        Chrm/Air       #####.       2%          2    None
n - Necromutation         Tmut/Necr      ######....   100%        8    #######
o - Lee's Rapid Deconstr  Erth           ######....   1%          5    #####..
p - Passwall              Tmut/Erth      ######....   1%          2    None
r - Regeneration          Chrm/Necr      ######....   1%          3    None
s - Song of Slaying       Chrm           ######..     1%          2    None
t - Passage of Golubria   Tloc           N/A          6%          4    ###....
u - Summon Butterflies    Summ           #####...     4%          1    None
w - Swiftness             Chrm/Air       #####...     2%          2    None


Dungeon Overview and Level Annotations

Branches:
Dungeon (15/15)            Temple (1/1) D:4            Lair (6/6) D:10
 Shoals (4/4) Lair:2        Snake (4/4) Lair:3        Slime (5/5) Lair:5
    Orc (2/2) D:9             Elf (3/3) Orc:2        Vaults (5/5) D:13
  Crypt (3/3) Vaults:3       Tomb (3/3) Crypt:3      Depths (5/5) D:15
   Hell (1/1)                 Dis (0/7) Hell            Geh (7/7) Hell
    Coc (0/7) Hell            Tar (7/7) Hell            Zot (5/5) Depths:5

Altars:
Ashenzari
Cheibriados
Dithmenos
Elyvilon
Fedhas
Gozag
Hepliaklqana
Kikubaaqudgha
Makhleb
Nemelex Xobeh
Okawaru
Qazlal
Ru
Sif Muna
Trog
Uskayaw
Vehumet
Xom
Yredelemnul
Zin
The Shining One

Shops:
D:4 *   D:7 :   D:10 *   D:13 *   Orc:2 [}%?   Elf:1 }   Elf:3 [   Vaults:3 }

Portals:
Hell: Depths:1 Depths:2 Depths:3 Depths:4 Depths:5
Abyss: Depths:4 Depths:5
Pandemonium: Depths:2 Depths:3 Depths:4


Innate Abilities, Weirdness & Mutations

You are partially covered in molten scales. (AC +2)
You often lose your temper in combat.
Scrolls take you a little longer to read.
Your body sometimes deteriorates upon taking damage.
You are dopey. (Int -2)
You are weak. (Str -2)
Potions and wands are less effective at restoring your health.


Message History

Your skin stops crawling.
* * * LOW HITPOINT WARNING * * *
You feel extremely sick.
Unknown command.
Unknown command.
* * * LOW HITPOINT WARNING * * *
You feel extremely sick.
You see here a bolt.
Unknown command.
* * * LOW HITPOINT WARNING * * *
You feel very sick. Beiqurgh gestures at you. The blast of poison engulfs you!
You are more poisoned.
The gelid blood saint calls on the powers of chaos!
The green death seems to grow stronger.
Beiqurgh suddenly seems more resistant.
Beiqurgh gestures at you. The lance of force hits you!
You die...
Kikubaaqudgha rasps: "You have failed me!
Welcome... death!"

#.....#...........
#.....#...........
#.....'...........
#.....#########...
############.......[.....###'
#............................
#...........§§.(...........[.
#......(...§§§.............[.
#...)<[().§2@§...............
#....((....§§§§..............
#....()[..2§.................
#........∩&...............[..
####[......(6...................
#..........(....#####'#######...
#........().............#...#...
#........#..............#...#)..
#........#.[............#...#[).


You could see Beiqurgh, 2 green deaths and a gelid blood saint.

Vanquished Creatures
  Asmodeus (Geh:7)
  the Royal Jelly (Slime:5)
  7 ancient liches
  9 orbs of fire
  Mennas (Vaults:2)
  A juggernaut (Depths:5)
  The ghost of tv1990 the Impregnable, a legendary FoNe of Okawaru (Zot:5)
  The ghost of Sagrath01 the Spry, a veteran DsWn of Okawaru (Tomb:1)
  Sojobo (Depths:3)
  22 greater mummies
  The ghost of kraedy the Slayer, a legendary GrFi of the Shining One (Zot:5)
  Frederick (Vaults:4)
  Margery (Depths:3)
  Bai Suzhen (Vaults:5)
  4 curse toes
  7 Killer Klowns
  Saint Roka (Vaults:4)
  Xtahua (Vaults:5)
  3 pandemonium lords
  Geryon (Hell)
  7 golden dragons
  Nikola (Snake:3)
  the Enchantress (Depths:2)
  10 doom hounds
  6 bone dragons
  7 liches
  20 Brimstone Fiends
  3 electric golems
  A hellephant (Hell)
  35 Tzitzimimeh
  16 tentacled monstrosities
  25 Orb Guardians (Zot:5)
  A Hell Sentinel (Geh:7)
  5 deep elf blademasters
  Asterion (Snake:1)
  10 deep elf master archers
  5 quicksilver dragons
  3 Executioners
  27 acid blobs
  4 eldritch tentacles
  11 titans
  9 death cobs
  Polyphemus (Shoals:2)
  9 sphinxes
  14 ancient champions
  17 shadow dragons
  A tentacled starspawn (Abyss:5)
  13 tengu reavers
  13 storm dragons
  14 draconian monks
  5 revenants
  8 nagarajas
  4 draconian knights
  23 frost giants
  13 azure jellies
  Ilsuiw (Shoals:4)
  Aizul (Snake:1)
  A draconian scorcher (Zot:4)
  28 fire giants
  An iron dragon (Hell)
  An orc warlord (Orc:2)
  2 ghost moths
  A juggernaut zombie (Crypt:3)
  11 balrugs
  13 deep elf sorcerers
  Louise (Elf:1)
  A cacodemon (Shoals:4)
  6 draconian zealots
  21 vault wardens
  8 ghouls
  4 curse skulls
  19 ironheart preservers
  8 draconian annihilators
  5 draconian shifters
  5 spriggan defenders (Depths:2)
  5 deep elf elementalists
  4 war gargoyles
  23 very ugly things
  The ghost of R18 the Impaler, a journeyman NaFi of Okawaru (Lair:6)
  An entropy weaver (Vaults:4)
  6 caustic shrike skeletons (Depths:2)
  A draconian caller (Zot:1)
  A blood saint (Zig:5)
  A juggernaut skeleton (Depths:3)
  42 stone giants
  6 bennus (Tomb:2)
  11 vampire knights
  57 reapers
  10 green draconians
  5 deep elf demonologists
  17 red draconians
  8 deep elf annihilators
  3 lorocyprocas
  14 black draconians
  8 white draconians
  16 mottled draconians
  14 spark wasps
  3 dire elephants
  18 purple draconians
  Snorg (Lair:5)
  9 deep elf death magi
  22 mummy priests
  A crystal guardian (Vaults:4)
  8 yellow draconians
  6 merfolk javelineers
  7 death oozes (Slime:5)
  3 blizzard demons
  14 ettins
  4 green deaths
  20 yaktaur captains
  6 eidola
  9 merfolk impalers
  4 quicksilver dragon zombies
  11 rakshasas
  Fannar (Orc:1)
  18 jiangshi
  3 deep elf high priests
  Harold (Lair:1)
  14 fire dragons
  22 naga warriors
  10 spriggan air magi
  10 hydras
  14 ice dragons
  A ghost crab (Tar:7)
  2 quicksilver dragon skeletons
  Erica (D:8)
  10 centaur warriors
  A ghost crab (shapeshifter) (Depths:5)
  15 anacondas
  33 vault guards
  15 great orbs of eyes
  2 alligator snapping turtles (shapeshifter)
  9 merfolk avatars
  4 death knights
  6 merfolk aquamancers
  22 dancing weapons
  19 deep troll shamans
  2 catoblepae
  8 satyrs
  20 ogre magi
  Urug (D:12)
  53 death scarabs
  A queen ant (shapeshifter) (Depths:3)
  13 vampire magi
  28 death yaks
  3 orc high priests (Orc:2)
  8 deep troll earth magi
  9 tengu warriors
  16 hell hogs
  15 naga sharpshooters
  8 shock serpents
  19 sun demons
  7 spriggan berserkers
  4 thrashing horrors
  5 titan zombies
  Sonja (D:10)
  A shock serpent (shapeshifter) (Vaults:5)
  2 titan skeletons
  42 spriggans
  5 storm dragon zombies
  6 iron trolls
  2 fire crabs (shapeshifter)
  34 soul eaters
  64 hell knights
  A sixfirhy (Zig:7)
  4 salamander mystics
  37 deep elf knights
  6 wretched stars
  9 unseen horrors
  21 shadow wraiths
  51 skeletal warriors
  A spatial maelstrom (Abyss:5)
  2 unseen horrors (shapeshifter)
  6 sea snakes
  5 storm dragon skeletons
  A ghost moth zombie (Geh:7)
  2 torturous demonspawn
  22 shadow demons
  A golden dragon zombie (Tar:3)
  4 golden dragon skeletons
  A swamp dragon (Zig:6)
  8 spriggan druids
  44 deep trolls
  6 glowing orange brains
  3 death drakes
  28 deep elf archers
  A glowing orange brain (shapeshifter) (Zig:8)
  Pikel (D:8)
  11 naga ritualists
  9 flayed ghosts
  15 hill giants
  A gelid demonspawn (Depths:4)
  6 lindwurms
  3 obsidian statues
  5 anaconda zombies
  18 necromancers
  27 phantasmal warriors
  10 wizards
  17 harpies
  2 tengu zombies
  3 shadow dragon zombies
  16 ironbrand convokers
  23 orc knights
  3 anaconda skeletons
  2 wolf spider zombies
  A harpy (shapeshifter) (Vaults:5)
  4 shadow dragon skeletons
  5 orc sorcerers
  5 frost giant zombies
  An iron giant skeleton (Crypt:2)
  4 oklob plants
  10 cyclopes
  5 iron dragon zombies
  A manticore (shapeshifter) (Vaults:5)
  A sphinx skeleton (Depths:3)
  23 moths of wrath
  29 fauns
  2 fire giant zombies
  2 stone giant zombies
  83 deep elf magi
  11 mana vipers
  45 ugly things
  5 wolf spiders
  6 shining eyes
  A salamander (shapeshifter) (Depths:2)
  11 salamanders
  3 elephants
  15 manticores
  4 iron dragon skeletons
  144 slime creatures
  4 frost giant skeletons
  5 dire elephant zombies
  A shock serpent zombie (Geh:1)
  9 rust devils
  5 fire giant skeletons
  Maurice (D:10)
  17 vault sentinels
  7 stone giant skeletons
  14 sirens
  4 toenail golems (Volcano)
  A torpor snail (shapeshifter) (Elf:3)
  4 water nymphs
  25 naga magi
  7 spiny frogs
  4 guardian serpents
  3 ice statues
  20 molten gargoyles
  41 black mambas
  2 dire elephant skeletons
  3 eyes of devastation
  10 smoke demons
  A gargoyle (D:15)
  5 spectral swamp worms (Depths:3)
  2 torpor snails (Zig:9)
  32 hellions
  2 shock serpent skeletons
  5 orange demons
  5 rime drakes
  10 komodo dragons
  A mottled draconian zombie (Geh:7)
  4 centaur skeletons
  2 kobold demonologists (Bailey)
  53 yaktaurs
  A small abomination (Elf:3)
  8 efreet
  2 human zombies (Vaults:4)
  3 tengu conjurers
  15 freezing wraiths
  A yaktaur skeleton (Vaults:4)
  50 guardian mummies
  24 tormentors
  A death yak skeleton (Crypt:1)
  25 ice devils
  4 hydra zombies
  A purple draconian skeleton (Crypt:2)
  4 silent spectres
  29 merfolk
  A merfolk (shapeshifter) (Vaults:5)
  A queen bee (shapeshifter) (Vaults:2)
  A meliai (shapeshifter) (Vaults:3)
  2 harpy skeletons
  4 tyrant leeches (Abyss:2)
  A polar bear (shapeshifter) (Vaults:5)
  9 trolls
  20 red devils
  16 hornets
  31 two-headed ogres
  A minotaur skeleton (Geh:6)
  2 hydra skeletons
  A two-headed ogre (shapeshifter) (Vaults:4)
  Grinder (D:6)
  5 blink frogs
  10 wind drakes
  2 fire giant simulacra
  2 alligator zombies
  A raiju (shapeshifter) (Vaults:5)
  A tengu simulacrum (Vaults:2)
  A frost giant simulacrum (Depths:3)
  2 bog bodies (Crypt:2)
  Prince Ribbit (D:9)
  9 dream sheep
  3 fire dragon zombies
  An ice dragon zombie (Tar:3)
  A centaur simulacrum (D:15)
  5 ettin zombies
  2 alligator skeletons (Hell)
  8 snapping turtles
  16 hippogriffs
  13 air elementals
  6 fire dragon skeletons
  Sigmund (D:3)
  2 black mamba zombies
  5 starcursed masses (Abyss:5)
  59 flying skulls
  2 redbacks
  18 shadows
  5 wyverns
  5 vampires (Crypt:3)
  3 ettin skeletons
  18 ushabtiu
  46 yaks
  A tarantella (shapeshifter) (Vaults:5)
  3 ice dragon skeletons
  22 wraiths
  A ynoxinul (Abyss:5)
  5 basilisks
  22 water elementals
  2 basilisks (shapeshifter)
  A neqoxec (Zig:3)
  27 fire elementals
  A fire bat (shapeshifter) (Depths:3)
  A golden eye (shapeshifter) (Vaults:3)
  3 golden eyes (Slime:3)
  A hog (shapeshifter) (D:15)
  A black mamba skeleton (Tar:4)
  A tyrant leech zombie (Crypt:3)
  2 vampire mosquitoes (D:15)
  17 humans (D:12)
  3 chaos spawn
  A merfolk zombie (Tar:4)
  A mottled dragon (shapeshifter) (Depths:3)
  3 human simulacra
  A deep troll zombie (Crypt:2)
  5 mottled dragons
  A yaktaur simulacrum (Vaults:2)
  4 hungry ghosts
  9 wargs
  Edmund (D:9)
  45 nagas
  56 hell hounds
  2 floating eyes (Depths:3)
  5 porcupines
  26 water moccasins
  A merfolk skeleton (Geh:3)
  58 orc warriors
  A floating eye (shapeshifter) (D:15)
  2 swamp drakes
  5 spiny frog skeletons
  6 phantoms
  A swamp drake (shapeshifter) (Depths:1)
  15 ice beasts
  10 eyes of draining
  A hornet zombie (D:15)
  An elephant zombie (Crypt:3)
  4 slaves (D:8)
  A manticore zombie (Tar:7)
  17 necrophages
  An alligator simulacrum (Hell)
  2 eyes of draining (shapeshifter)
  7 sky beasts
  25 boggarts
  67 ogres
  3 snapping turtle zombies
  A swamp dragon zombie (Geh:6)
  A tengu (shapeshifter) (Vaults:3)
  11 wolves
  13 centaurs
  2 manticore skeletons
  2 swamp dragon skeletons
  4 snapping turtle skeletons
  13 crocodiles
  A komodo dragon zombie (Crypt:2)
  2 big kobolds
  A draconian zombie (Crypt:1)
  An elf zombie (Crypt:3)
  22 bullfrogs
  A hell hound zombie (Crypt:2)
  A spiny frog simulacrum (Hell)
  A hippogriff skeleton (Crypt:1)
  8 earth elementals
  12 scorpions
  11 killer bees
  45 wights
  A spriggan skeleton (Geh:7)
  13 electric eels
  7 howler monkeys
  2 bullfrog zombies
  13 crimson imps
  5 lava snakes (Lair:6)
  6 hounds
  A black bear zombie (Crypt:2)
  A bullfrog skeleton (D:12)
  5 centaur zombies
  27 orc priests
  17 jellies
  38 orc wizards
  4 iron imps
  Jessica (D:2)
  Terence (D:2)
  2 human skeletons
  4 iguanas
  12 worker ants
  7 hell rats (Hell)
  2 porcupine skeletons
  A troll simulacrum (Crypt:1)
  A crocodile zombie (Crypt:2)
  A felid zombie (Crypt:2)
  An ogre zombie (Tar:3)
  A naga skeleton (Geh:6)
  3 hound skeletons
  33 mummies
  14 gnolls
  A worker ant zombie (D:11)
  15 adders
  23 shadow imps
  11 white imps
  5 ufetubi (IceCv)
  2 oozes (Lair:5)
  3 adder zombies
  A lava snake zombie (Crypt:3)
  An adder skeleton (D:5)
  A worm (D:4)
  2 dart slugs
  3 leopard geckos
  152 orcs
  8 giant cockroaches
  21 goblins
  17 hobgoblins
  12 jackals
  16 kobolds
  5 quokkas
  A ball python (D:4)
  9 bats
  5 frilled lizards
  A goblin skeleton (D:4)
  2 hobgoblin zombies (D:4)
  A jackal skeleton (D:4)
  2 jackal zombies
  2 kobold skeletons (D:4)
  2 kobold zombies (D:4)
  5 orc skeletons
  An orc zombie (D:4)
  A quokka skeleton (D:5)
  5 rats
  4 bushes
  A fire vortex (Geh:7)
  5 fungi
  70 plants
4530 creatures vanquished.

Vanquished Creatures (collateral kills)
  Ereshkigal (Tar:7)
  A hellephant (Zig:9)
  2 Brimstone Fiends
  A tentacled monstrosity (Zig:6)
  A revenant (Tomb:1)
  A deep elf elementalist (Elf:3)
  An eidolon (Tar:7)
  A deep elf death mage (Elf:3)
  2 mummy priests
  A blizzard demon (Zig:8)
  2 hydras
  41 death scarabs
  A death knight (Vaults:1)
  A swamp dragon (Zig:6)
  2 phantasmal warriors (Tar:7)
  An oklob plant (Zig:8)
  A moth of wrath (Zot:3)
  An elephant (Zig:9)
  An eye of devastation (shapeshifter) (Zig:8)
  5 guardian mummies
  A bog body (Zig:6)
  A flying skull (Tar:7)
  A wraith (Vaults:1)
  An ushabti (Tomb:2)
  2 shadows (Tar:7)
  A swamp drake (Depths:5)
  A snapping turtle zombie (Tomb:3)
  A manticore skeleton (Geh:7)
  A crocodile (Zig:9)
  5 mummies
  A shadow imp (Tar:7)
  3 plants (Zig:8)
87 creatures vanquished.

Vanquished Creatures (others)
  A lich (Vaults:5)
  2 fire giants
  A yellow draconian (Hell)
  A vault guard (Vaults:5)
  A merfolk aquamancer (Shoals:4)
  24 death scarabs
  A hell hog (Geh:6)
  A hell knight (Hell)
  A shadow wraith (Tar:7)
  2 deep elf magi
  A siren (Shoals:4)
  2 moths of wrath (Zot:5)
  A toenail golem (Volcano)
  A hellion (Geh:7)
  5 flying skulls
  An air elemental (Depths:5)
  2 ice dragon zombies
  3 water elementals
  2 wraiths
  A mottled dragon (Lair:6)
  A naga (Snake:3)
  A hell hound (Geh:6)
  An infernal demonspawn zombie (Geh:7)
  A necrophage (Geh:1)
  An eye of draining (Abyss:5)
  2 boggarts (Depths:1)
  3 mummies
  A gnoll (Orc:2)
  A shadow imp (Tar:3)
  4 white imps (IceCv)
  2 ufetubi (IceCv)
  An orc (Orc:2)
  5 bushes
  11 fungi
  A lurking horror (Abyss:2)
  36 plants
  8 toadstools (Lair:5)
134 creatures vanquished.

Grand Total: 4751 creatures vanquished

Notes
Turn   | Place    | Note
-------+----------+-------------------------------------------
     0 | D:1      | kengeki the Hill Orc Fighter began the quest for the Orb.
     0 | D:1      | Reached XP level 1. HP: 19/19 MP: 1/1
   117 | D:1      | Reached XP level 2. HP: 26/27 MP: 2/2
   421 | D:2      | Reached XP level 3. HP: 33/33 MP: 3/3
   625 | D:3      | Reached XP level 4. HP: 38/41 MP: 4/4
   868 | D:4      | Found a glowing golden altar of the Shining One.
   916 | D:4      | Reached XP level 5. HP: 41/47 MP: 5/5
   995 | D:4      | Reached skill level 5 in Fighting
  1390 | D:3      | Reached skill level 5 in Axes
  1461 | D:4      | Reached XP level 6. HP: 49/56 MP: 6/6
  1513 | D:4      | Reached skill level 5 in Armour
  1653 | D:4      | Found Durymm's General Store.
  1664 | D:4      | Bought a scroll of identify for 24 gold pieces
  1664 | D:4      | Bought a scroll of identify for 24 gold pieces
  1762 | D:4      | Found a staircase to the Ecumenical Temple.
  1766 | Temple   | Entered the Ecumenical Temple
  1985 | D:4      | Reached XP level 7. HP: 50/63 MP: 7/7
  2259 | D:3      | Noticed Sigmund
  2418 | D:2      | Noticed Jessica
  2422 | D:2      | Killed Jessica
  2645 | D:2      | Noticed Terence
  2649 | D:2      | Killed Terence
  3578 | D:5      | Entered Level 5 of the Dungeon
  3807 | D:5      | Got a smoking shield
  3808 | D:5      | Identified the +3 shield of the Blacksmith {rN+} (You found it on level 5 of the Dungeon)
  3844 | D:5      | Reached XP level 8. HP: 64/73 MP: 8/8
  3985 | D:5      | Gained mutation: Your body sometimes deteriorates upon taking damage. [mutagenic meat]
  3986 | D:5      | Gained mutation: Your flesh is heat resistant. (rF+) [mutagenic meat]
  3987 | D:5      | Gained mutation: Your flesh is very heat resistant. (rF++) [mutagenic meat]
  3988 | D:5      | Gained mutation: You are partially covered in iridescent scales. (AC +2) [mutagenic meat]
  3990 | D:5      | Gained mutation: You are frail. (-10% HP) [mutagenic meat]
  4271 | D:5      | Learned a level 1 spell: Apportation
  4485 | D:6      | Noticed Grinder
  4500 | D:6      | Paralysed by Grinder for 6 turns
  4510 | D:6      | Killed Grinder
  4669 | D:6      | Reached XP level 9. HP: 73/73 MP: 9/9
  4699 | D:6      | Noticed Prince Ribbit
  5800 | D:7      | Found Nuico's Book Shoppe.
  5944 | D:7      | Reached skill level 10 in Axes
  6687 | D:7      | Reached skill level 10 in Fighting
  6690 | D:7      | Found a glowing silver altar of Zin.
  6752 | D:7      | Found an opulent altar of Gozag.
  6752 | D:7      | Found a hide-covered altar of Uskayaw.
  6850 | D:7      | Found a blossoming altar of Fedhas.
  6850 | D:7      | Found an iron altar of Okawaru.
  6858 | D:7      | Became a worshipper of Warmaster Okawaru
  7519 | D:8      | Reached XP level 10. HP: 83/83 MP: 10/10
  7622 | D:8      | Noticed Erica
  7646 | D:8      | Killed Erica
  7883 | D:8      | Lost mutation: You are frail. (-10% HP) [potion of cure mutation]
  7883 | D:8      | Lost mutation: Your body sometimes deteriorates upon taking damage. [potion of cure mutation]
  7883 | D:8      | Lost mutation: Your flesh is very heat resistant. (rF++) [potion of cure mutation]
  8070 | D:8      | Noticed Pikel
  8086 | D:8      | Killed Pikel
  8086 | D:8      | Reached * piety under Okawaru
  8086 | D:8      | Reached skill level 10 in Armour
  8086 | D:8      | Reached skill level 1 in Evocations
  8505 | D:9      | Killed Prince Ribbit
  8505 | D:9      | Reached skill level 1 in Invocations
  8644 | D:9      | Reached skill level 1 in Spellcasting
  8770 | D:9      | Reached ** piety under Okawaru
  8784 | D:9      | Found a flagged portal.
  8800 | Bailey   | Entered a bailey
  8862 | Bailey   | Found an iron altar of Okawaru.
  8862 | Bailey   | Noticed a kobold demonologist
  8862 | Bailey   | Noticed a kobold demonologist
  8870 | Bailey   | Killed a kobold demonologist
  8873 | Bailey   | Killed a kobold demonologist
  8873 | Bailey   | Reached XP level 11. HP: 90/102 MP: 13/13
  9015 | Bailey   | Got a spiked plate armour
  9098 | Bailey   | Reached *** piety under Okawaru
  9285 | Bailey   | Identified the +17 plate armour "Wuipliac" {Str+2} (You found it in a bailey)
  9792 | D:9      | Noticed Edmund
  9798 | D:9      | Killed Edmund
  9851 | D:9      | Found a staircase to the Orcish Mines.
  9999 | D:10     | Entered Level 10 of the Dungeon
 10007 | D:10     | Noticed Maurice
 10015 | D:10     | Killed Maurice
 10036 | D:10     | Found Tudanec's Assorted Antiques.
 10304 | D:10     | Killed an unseen horror
 10305 | D:10     | Reached **** piety under Okawaru
 10384 | D:10     | Found a staircase to the Lair.
 10384 | D:10     | Noticed an oklob plant
 10426 | D:10     | Noticed an oklob plant
 10510 | D:10     | Noticed a hill giant
 10526 | D:10     | Killed a hill giant
 10547 | D:10     | Noticed a hill giant
 10556 | D:10     | Killed a hill giant
 10623 | D:10     | Reached skill level 5 in Invocations
 11043 | D:10     | Noticed Sonja
 11047 | D:10     | Killed Sonja
 11047 | D:10     | Reached ***** piety under Okawaru
 11368 | D:10     | Received a gift from Okawaru
 11368 | D:10     | Reached skill level 5 in Evocations
 11611 | D:10     | Noticed a hill giant
 11619 | D:10     | Killed a hill giant
 11742 | D:11     | Found a burning altar of Makhleb.
 11804 | D:11     | Noticed a hill giant
 11814 | D:11     | Killed a hill giant
 11814 | D:11     | Reached XP level 12. HP: 112/112 MP: 14/16
 12106 | D:11     | Noticed a five-headed hydra
 12127 | D:11     | Killed a five-headed hydra
 12284 | D:11     | Reached ****** piety under Okawaru
 12446 | D:11     | Received a gift from Okawaru
 13182 | D:12     | Noticed a four-headed hydra
 13200 | D:12     | Killed a four-headed hydra
 13474 | D:12     | Received a gift from Okawaru
 13477 | D:12     | Got a spiked chain mail {god gift}
 13481 | D:12     | Identified the +0 chain mail "Qaadogou" {Str+4} (Okawaru gifted it to you on level 12 of the Dungeon)
 13712 | D:12     | Noticed a seven-headed hydra
 13746 | D:12     | Killed a seven-headed hydra
 13898 | D:12     | Reached XP level 13. HP: 65/122 MP: 18/18
 14226 | D:13     | Found a gate to the Vaults.
 14226 | D:13     | Noticed Urug
 14304 | D:12     | Killed Urug
 14635 | D:13     | Found Fitax's Assorted Antiques.
 14643 | D:13     | Bought an iron wand for 80 gold pieces
 15505 | D:14     | Found a snail-covered altar of Cheibriados.
 15643 | D:14     | Received a gift from Okawaru
 15644 | D:14     | Got a pair of scorched boots {god gift}
 15662 | D:14     | Identified the +1 pair of boots "Lumochur" {rF+ MP-9 Int+2} (Okawaru gifted it to you on level 14 of the Dungeon)
 16076 | D:14     | You fall through a shaft!
 16076 | D:15     | Entered Level 15 of the Dungeon
 16644 | D:15     | Reached skill level 15 in Axes
 16741 | D:15     | Reached XP level 14. HP: 105/132 MP: 12/21
 16926 | D:15     | Reached skill level 10 in Invocations
 17555 | D:15     | Received a gift from Okawaru
 17760 | D:15     | Found a staircase to the Depths.
 18097 | Lair:1   | Entered Level 1 of the Lair of Beasts
 18191 | Lair:1   | Found a dark tunnel.
 18197 | Volcano  | Entered a volcano
 18586 | Volcano  | Identified a +1 pair of boots of running (You found it in a volcano)
 19050 | Lair:1   | Reached skill level 10 in Evocations
 19274 | Lair:1   | Noticed Harold
 19295 | Lair:1   | Killed Harold
 19295 | Lair:1   | Reached skill level 15 in Fighting
 20199 | Lair:2   | Found a staircase to the Shoals.
 20276 | Lair:2   | You fall through a shaft!
 20294 | Lair:2   | Learned a level 1 spell: Summon Butterflies
 20457 | Lair:2   | Reached XP level 15. HP: 140/141 MP: 22/22
 20925 | Lair:3   | Found a frozen archway.
 20929 | Lair:3   | Received a gift from Okawaru
 20948 | Lair:3   | Got a dazzling cloak {god gift}
 20955 | IceCv    | Entered an ice cave
 20956 | IceCv    | Identified the +0 cloak "Huferink" {Str+2} (Okawaru gifted it to you on level 3 of the Lair of Beasts)
 22044 | Lair:3   | Found a staircase to the Snake Pit.
 23259 | Lair:5   | Found a staircase to the Slime Pits.
 23312 | Lair:5   | Noticed Snorg
 23322 | Lair:5   | Killed Snorg
 23322 | Lair:5   | Received a gift from Okawaru
 23742 | Lair:5   | Found a runed door.
 24177 | Lair:5   | Reached skill level 15 in Armour
 24450 | Lair:6   | Entered Level 6 of the Lair of Beasts
 24649 | Lair:6   | Received a gift from Okawaru
 24839 | Lair:6   | Noticed R18's ghost (journeyman NaFi)
 24933 | Lair:6   | Killed R18's ghost
 24933 | Lair:6   | Reached XP level 16. HP: 152/152 MP: 24/24
 25406 | Lair:6   | Found a large runed door.
 25407 | Lair:6   | Found a large runed door.
 26162 | Orc:1    | Entered Level 1 of the Orcish Mines
 26167 | Orc:1    | Noticed Fannar
 26179 | Orc:1    | Killed Fannar
 26179 | Orc:1    | Received a gift from Okawaru
 26411 | Orc:2    | Entered Level 2 of the Orcish Mines
 26546 | Orc:2    | Found a staircase to the Elven Halls.
 27329 | Orc:2    | Found Utuygrac's Armour Emporium.
 27329 | Orc:2    | Found Herus's Gadget Shop.
 27331 | Orc:2    | Found Katzawic's Food Emporium.
 27331 | Orc:2    | Found Folluill's Magic Scroll Shop.
 27373 | Orc:2    | Bought the +0 pair of boots of Huvutits {rElec Int+3 Slay-3} for 170 gold pieces
 27376 | Orc:2    | Bought a scroll of recharging for 104 gold pieces
 27376 | Orc:2    | Bought a scroll of identify for 22 gold pieces
 27376 | Orc:2    | Bought a scroll of identify for 22 gold pieces
 27376 | Orc:2    | Bought a scroll of brand weapon for 220 gold pieces
 27376 | Orc:2    | Bought a scroll of enchant weapon for 82 gold pieces
 27376 | Orc:2    | Bought a scroll of recharging for 104 gold pieces
 27376 | Orc:2    | Bought a scroll of enchant armour for 82 gold pieces
 27376 | Orc:2    | Bought a scroll of vulnerability for 82 gold pieces
 27376 | Orc:2    | Bought a scroll of fear for 38 gold pieces
 27376 | Orc:2    | Bought a scroll of summoning for 104 gold pieces
 27378 | Orc:2    | Bought a wand of confusion (10/48) for 126 gold pieces
 27885 | D:3      | Found a radiant altar of Vehumet.
 27895 | D:3      | Killed Sigmund
 27895 | D:3      | Received a gift from Okawaru
 28559 | Elf:1    | Entered Level 1 of the Elven Halls
 28694 | Elf:1    | Noticed Louise
 28697 | Elf:1    | Cast into level 2 of the Abyss (Louise)
 28728 | Abyss:2  | Reached XP level 17. HP: 141/161 MP: 25/25
 28850 | Elf:1    | Escaped the Abyss
 29239 | Elf:1    | Killed Louise
 29809 | Elf:1    | Received a gift from Okawaru
 30165 | Elf:1    | Identified the Compendium of Creative Conjuration
 30391 | Elf:1    | Found Butux's Gadget Boutique.
 30435 | Elf:1    | Reached XP level 18. HP: 171/171 MP: 26/26
 30614 | Elf:1    | Received a gift from Okawaru
 30623 | Elf:1    | Got a translucent hand axe {god gift}
 30624 | Elf:1    | Identified the +4 hand axe of Causality {chop, MR+ Stlth+} (Okawaru gifted it to you on level 1 of the Elven Halls)
 31950 | Orc:2    | Bought a wand of disintegration (9/24) for 182 gold pieces
 32054 | Elf:2    | Found a runed gate.
 32054 | Elf:2    | Found a runed gate.
 32054 | Elf:2    | Found a runed gate.
 32133 | Elf:2    | Received a gift from Okawaru
 32139 | Elf:2    | Got a jewelled battleaxe {god gift}
 32145 | Elf:2    | Identified the +1 battleaxe "Irhaqadgh" {chop, *Contam rPois Str-3 Dex+8} (Okawaru gifted it to you on level 2 of the Elven Halls)
 32268 | Elf:2    | Noticed a deep elf blademaster
 32286 | Elf:2    | Killed a deep elf blademaster
 33712 | Snake:1  | Entered Level 1 of the Snake Pit
 33741 | Snake:1  | Received a gift from Okawaru
 33802 | Snake:1  | Got a spiked chain mail {god gift}
 33828 | Lair:3   | Identified the +8 chain mail "Cam Engayrch" {rElec rF++ Str+2 Slay-3} (Okawaru gifted it to you on level 1 of the Snake Pit)
 34058 | Snake:1  | Noticed Asterion
 34099 | Snake:1  | Killed Asterion
 34224 | Lair:3   | Learned a level 2 spell: Passwall
 34230 | Lair:3   | Learned a level 5 spell: Lee's Rapid Deconstruction
 34302 | Snake:1  | Noticed Aizul
 34309 | Snake:1  | Killed Aizul
 34959 | Snake:2  | Reached XP level 19. HP: 168/181 MP: 28/28
 35722 | Snake:3  | Noticed Nikola
 35850 | Snake:3  | Killed Nikola
 36811 | Snake:4  | Entered Level 4 of the Snake Pit
 36896 | Snake:4  | Found an opulent altar of Gozag.
 37371 | Snake:4  | Received a gift from Okawaru
 37374 | Snake:4  | Got a translucent executioner's axe {god gift}
 37375 | Snake:4  | Identified the +6 executioner's axe of Diquwn {drain, *Rage rElec rN+} (Okawaru gifted it to you on level 4 of the Snake Pit)
 39214 | Snake:4  | Received a gift from Okawaru
 39372 | Snake:4  | Reached XP level 20. HP: 190/193 MP: 29/29
 39730 | Snake:4  | Got a serpentine rune of Zot
 40085 | Snake:1  | Learned a level 2 spell: Swiftness
 40090 | Snake:1  | Learned a level 4 spell: Passage of Golubria
 40300 | D:10     | Bought 2 scrolls of identify for 124 gold pieces
 40386 | D:13     | Bought a scroll of identify for 40 gold pieces
 40386 | D:13     | Bought a scroll of identify for 40 gold pieces
 40608 | Vaults:1 | Entered Level 1 of the Vaults
 40799 | Vaults:1 | Received a gift from Okawaru
 41021 | D:7      | Bought a book of Air for 455 gold pieces
 41024 | D:7      | Learned a level 2 spell: Repel Missiles
 41277 | Vaults:1 | Reached skill level 1 in Charms
 41277 | Vaults:1 | Reached skill level 1 in Air Magic
 41476 | Vaults:1 | Received a gift from Okawaru
 41486 | Vaults:1 | Got a transparent copper ring
 41527 | Vaults:1 | Identified the ring "Dirgholook" {rC+ SInv} (You took it off an ironheart preserver on level 1 of the Vaults)
 42542 | Vaults:2 | Received a gift from Okawaru
 42766 | Vaults:2 | Got a faintly humming hat {god gift}
 42780 | Vaults:2 | Identified the +0 hat of Music {Dex+4} (Okawaru gifted it to you on level 2 of the Vaults)
 42922 | Vaults:2 | Got a steaming buckler
 42924 | Vaults:2 | Identified the +0 buckler of the Twelve Mice {rF+ Regen+} (You found it on level 2 of the Vaults)
 43073 | Vaults:2 | Reached skill level 5 in Charms
 43106 | Vaults:2 | Reached skill level 5 in Air Magic
 43860 | Vaults:2 | Reached XP level 21. HP: 163/201 MP: 30/30
 44354 | Vaults:2 | Received a gift from Okawaru
 44360 | Vaults:2 | Noticed Mennas
 44787 | Vaults:2 | Received a gift from Okawaru
 44788 | Vaults:2 | Got a steaming broad axe {god gift}
 44790 | Vaults:2 | Identified the +9 broad axe "Ryujiv" {chop, rC+ Int+3} (Okawaru gifted it to you on level 2 of the Vaults)
 45264 | Vaults:2 | Killed Mennas
 45505 | Vaults:2 | Received a gift from Okawaru
 45508 | Vaults:2 | Got a slimy chain mail {god gift}
 45747 | Vaults:2 | Identified the +0 chain mail of Noon {*Drain rElec Stlth+} (Okawaru gifted it to you on level 2 of the Vaults)
 46066 | Vaults:3 | Found Tilaesa's Gadget Emporium.
 46077 | Vaults:3 | Found a flickering gateway to a bazaar.
 46097 | Bazaar   | Entered a bazaar
 46099 | Bazaar   | Found Gubronang's Book Boutique.
 46103 | Bazaar   | Found Ydaatoargh's Assorted Antiques.
 46103 | Bazaar   | Found Loegruets's Antique Armour Boutique.
 46103 | Bazaar   | Found Rieblear's Armour Boutique.
 46144 | Bazaar   | Bought a scroll of recharging for 133 gold pieces
 46144 | Bazaar   | Bought a square beryl amulet for 70 gold pieces
 46144 | Bazaar   | Bought a potion of heal wounds for 70 gold pieces
 46144 | Bazaar   | Bought a scroll of recharging for 133 gold pieces
 46144 | Bazaar   | Bought a scroll of acquirement for 728 gold pieces
 46144 | Bazaar   | Bought a copper wand for 56 gold pieces
 46144 | Bazaar   | Bought a jewelled bone wand for 56 gold pieces
 46159 | Bazaar   | Bought a book of Minor Magic for 240 gold pieces
 46179 | Bazaar   | Learned a level 2 spell: Blink
 46180 | Bazaar   | Bought a scroll of enchant armour for 105 gold pieces
 46396 | Vaults:3 | Found a staircase to the Crypt.
 47061 | Vaults:3 | Got steaming fire dragon scales
 47062 | Vaults:3 | Identified the cursed +0 fire dragon scales of Inference {rF++ rC- rCorr} (You found it on level 3 of the Vaults)
 47073 | Vaults:3 | Got a pair of ichor-stained gloves
 47074 | Vaults:3 | Identified the cursed +0 pair of gloves "Nufiosh" {rElec Regen+ Int+2} (You found it on level 3 of the Vaults)
 47454 | Vaults:3 | Reached XP level 22. HP: 198/211 MP: 31/31
 48210 | Vaults:4 | Received a gift from Okawaru
 48368 | Vaults:4 | Noticed Saint Roka
 48446 | Vaults:4 | Killed Saint Roka
 48807 | Vaults:4 | Reached skill level 1 in Translocations
 49264 | Vaults:4 | Noticed Frederick
 49356 | Vaults:4 | Killed Frederick
 50252 | Depths:1 | Entered Level 1 of the Depths
 50478 | Depths:1 | Received a gift from Okawaru
 51119 | Depths:1 | Reached XP level 23. HP: 196/222 MP: 32/32
 51376 | Depths:1 | Reached skill level 5 in Translocations
 51515 | Depths:1 | Found a gateway to Hell.
 52008 | Depths:1 | Identified a +6 rod of shadows (1/11) (You took it off an ogre mage on level 1 of the Depths)
 52401 | Depths:2 | Received a gift from Okawaru
 52578 | Depths:2 | Found a one-way gate leading to the halls of Pandemonium.
 53583 | Depths:2 | Received a gift from Okawaru
 53873 | Depths:2 | Noticed the Enchantress
 53908 | Depths:2 | Killed the Enchantress
 53912 | Depths:2 | Got faerie dragon scales
 54053 | Depths:2 | Identified the +2 faerie dragon scales {rF++ Clar} (You took it off the Enchantress on level 2 of the Depths)
 54702 | Depths:2 | Found a bloodstained altar of Trog.
 55844 | Depths:3 | Reached XP level 24. HP: 223/233 MP: 32/32
 56160 | Depths:2 | Received a gift from Okawaru
 56368 | Depths:3 | Noticed Sojobo
 56398 | Depths:3 | Killed Sojobo
 56610 | Depths:3 | Noticed Margery
 56616 | Depths:3 | Killed Margery
 57024 | Depths:3 | Received a gift from Okawaru
 58508 | Depths:3 | Paralysed by a floating eye for 2 turns
 58711 | Depths:3 | Received a gift from Okawaru
 58715 | Depths:3 | Got a crude hat {god gift}
 58718 | Depths:3 | Identified the +0 hat of Modesty {rF++ rN++ SInv} (Okawaru gifted it to you on level 3 of the Depths)
 59878 | Depths:4 | Reached XP level 25. HP: 215/244 MP: 31/32
 59944 | Depths:4 | Found a one-way gate to the infinite horrors of the Abyss.
 60040 | Depths:4 | Reached skill level 1 in Dodging
 60067 | Depths:5 | Entered Level 5 of the Depths
 60067 | Depths:5 | Found a gateway to a ziggurat.
 60944 | Depths:3 | Paralysed by a floating eye for 3 turns
 61959 | Depths:4 | Received a gift from Okawaru
 62303 | Depths:5 | Received a gift from Okawaru
 62303 | Depths:5 | Reached skill level 5 in Dodging
 63869 | Depths:5 | Received a gift from Okawaru
 64002 | Depths:5 | Reached XP level 26. HP: 219/253 MP: 32/32
 64236 | Depths:5 | Noticed a juggernaut
 64289 | Depths:5 | Killed a juggernaut
 64785 | Depths:5 | Found a gate to the Realm of Zot.
 65677 | Elf:1    | Bought a wand of iceblast (8/15) for 132 gold pieces
 65692 | Elf:3    | Entered Level 3 of the Elven Halls
 65780 | Elf:3    | Found Irec's Armour Shop.
 66745 | Elf:3    | Received a gift from Okawaru
 67332 | Elf:3    | Got a smoking graven amulet
 67422 | Elf:3    | Identified the amulet "Ziemab" {+Rage rN+ Dex+4} (You took it off a deep elf mage on level 3 of the Elven Halls)
 67456 | Elf:3    | Got a slimy brass ring
 67458 | Elf:3    | Identified the ring "Avil" {*Corrode rF+ rN+ Str+7 Slay+2 Stlth-} (You acquired it on level 3 of the Elven Halls)
 67536 | Elf:3    | Identified a +1 rod of shadows (14/14) (You found it on level 3 of the Elven Halls)
 67559 | Elf:3    | Got a smoking copper ring
 67562 | Elf:3    | Identified the ring of Jocokh {Fire MR+ Slay+5} (You found it on level 3 of the Elven Halls)
 67629 | Elf:3    | Learned a level 5 spell: Silence
 67941 | D:10     | Bought a potion of cure mutation for 775 gold pieces
 68280 | Shoals:1 | Entered Level 1 of the Shoals
 68291 | Shoals:1 | Reached skill level 27 in Axes
 68624 | Shoals:1 | Reached skill level 10 in Dodging
 69356 | Shoals:2 | Learned a level 3 spell: Regeneration
 69359 | Shoals:2 | Learned a level 2 spell: Song of Slaying
 69423 | Shoals:2 | Noticed Polyphemus
 69674 | Shoals:2 | Reached skill level 1 in Necromancy
 69802 | Shoals:2 | Killed Polyphemus
 69881 | Shoals:2 | Learned a level 2 spell: Shroud of Golubria
 71240 | Shoals:4 | Entered Level 4 of the Shoals
 71292 | Shoals:4 | Reached XP level 27. HP: 260/262 MP: 32/32
 71367 | Shoals:4 | Received a gift from Okawaru
 71445 | Shoals:4 | Cast into level 5 of the Abyss (the power of Zot)
 71445 | Abyss:5  | Entered Level 5 of the Abyss
 71449 | Abyss:5  | Got an abyssal rune of Zot
 71474 | Abyss:5  | Found a corrupted altar of Lugonu.
 71599 | Abyss:5  | Gained mutation: You tend to lose your temper in combat. [a cacodemon]
 71601 | Shoals:4 | Escaped the Abyss
 71660 | Shoals:4 | Reached skill level 5 in Necromancy
 71879 | Shoals:3 | Lost mutation: You are partially covered in iridescent scales. (AC +2) [potion of cure mutation]
 71879 | Shoals:3 | Lost mutation: You tend to lose your temper in combat. [potion of cure mutation]
 71919 | Shoals:4 | Noticed Ilsuiw
 72009 | Shoals:4 | Got a brightly glowing iron ring
 72023 | Shoals:3 | Identified the ring "Vaer Xus" {MR+ Dex+2} (You took it off a siren on level 4 of the Shoals)
 72231 | Shoals:4 | Killed Ilsuiw
 72440 | Shoals:4 | Got a barnacled rune of Zot
 73212 | Shoals:1 | Learned a level 3 spell: Lesser Beckoning
 73728 | Vaults:5 | Entered Level 5 of the Vaults
 73732 | Vaults:5 | Noticed Bai Suzhen
 73742 | Vaults:5 | Killed Bai Suzhen
 73742 | Vaults:5 | Received a gift from Okawaru
 73845 | Vaults:5 | Noticed an ancient lich
 73856 | Vaults:5 | Killed an ancient lich
 74215 | Vaults:5 | Got spiked storm dragon scales
 74216 | Vaults:5 | Identified the +6 storm dragon scales of Grace {rElec rC+} (You found it on level 5 of the Vaults)
 74286 | Vaults:5 | Received a gift from Okawaru
 74298 | Vaults:5 | Got a pair of blackened boots {god gift}
 74353 | Vaults:5 | Identified the +0 pair of boots "Wyckes" {rElec rF+++ Dex-4} (Okawaru gifted it to you on level 5 of the Vaults)
 74501 | Vaults:5 | Got a jewelled broad axe {chaos}
 74699 | Vaults:4 | Identified the +10 broad axe "Rohisiec" {chaos, *Noise rElec Int+2 SInv} (You took it off a tengu reaver on level 5 of the Vaults)
 75133 | Vaults:5 | Got a pair of spiked boots
 75134 | Vaults:5 | Identified the +0 pair of boots "Xuenonug" {rC++} (You found it on level 5 of the Vaults)
 75422 | Vaults:5 | Got a silver rune of Zot
 75586 | Vaults:5 | Noticed Xtahua
 75595 | Vaults:5 | Killed Xtahua
 75876 | Vaults:5 | Received a gift from Okawaru
 75961 | Vaults:5 | Learned a level 4 spell: Animate Dead
 76834 | Temple   | Fell from the grace of Okawaru
 76834 | Temple   | Became a worshipper of Kikubaaqudgha
 77123 | Crypt:1  | Entered Level 1 of the Crypt
 77173 | Crypt:1  | Reached skill level 1 in Summonings
 77589 | Crypt:1  | Reached * piety under Kikubaaqudgha
 77589 | Crypt:1  | Identified Kikubaaqudgha's Catalogue of Sinister Magic (Kikubaaqudgha gifted it to you on level 1 of the Crypt)
 77589 | Crypt:1  | Received a gift from Kikubaaqudgha
 77663 | Crypt:1  | Reached skill level 10 in Necromancy
 78466 | Crypt:2  | Reached ** piety under Kikubaaqudgha
 78925 | Crypt:3  | Entered Level 3 of the Crypt
 78990 | Crypt:3  | Reached skill level 5 in Spellcasting
 79313 | Crypt:3  | Got a pair of fine gloves
 79317 | Crypt:3  | Identified the +1 pair of gloves "Waextub" {rF+} (You found it on level 3 of the Crypt)
 79325 | Crypt:3  | Learned a level 2 spell: Sublimation of Blood
 79386 | Crypt:3  | Reached *** piety under Kikubaaqudgha
 79386 | Crypt:3  | Identified Kikubaaqudgha's Handbook of Sinister Rites (Kikubaaqudgha gifted it to you on level 3 of the Crypt)
 79386 | Crypt:3  | Received a gift from Kikubaaqudgha
 79683 | Crypt:3  | Found a staircase to the Tomb.
 79708 | Tomb:1   | Entered Level 1 of the Tomb of the Ancients
 79925 | Crypt:3  | Reached skill level 5 in Summonings
 79978 | Crypt:3  | Reached **** piety under Kikubaaqudgha
 79993 | Crypt:3  | Reached skill level 10 in Translocations
 80232 | Crypt:3  | Found an ancient bone altar of Kikubaaqudgha.
 80234 | Crypt:3  | Found a basalt altar of Yredelemnul.
 80719 | Hell     | Entered the Vestibule of Hell
 80719 | Hell     | Noticed Geryon
 80740 | Hell     | Killed Geryon
 80897 | Hell     | Found a gateway to the ashen valley of Gehenna.
 80901 | Hell     | Reached ***** piety under Kikubaaqudgha
 81030 | Hell     | Found a gateway to the Iron City of Dis.
 81140 | Hell     | Cast into level 2 of the Abyss (hell knight)
 81140 | Abyss:2  | Found a corrupted altar of Lugonu.
 81165 | Hell     | Escaped the Abyss
 81294 | Hell     | Found a gateway to the freezing wastes of Cocytus.
 81418 | Hell     | Found a gateway to the decaying netherworld of Tartarus.
 82611 | Zot:1    | Entered Level 1 of the Realm of Zot
 82968 | Zot:1    | Reached skill level 1 in Earth Magic
 82988 | Zot:1    | Reached ****** piety under Kikubaaqudgha
 84324 | Zot:1    | Was forgiven by Okawaru
 84441 | Zot:2    | Reached skill level 5 in Earth Magic
 85475 | Zot:3    | Noticed an orb of fire
 85497 | Zot:3    | Gained mutation: You are clumsy. (Dex -2) [an orb of fire]
 85499 | Zot:3    | Killed an orb of fire
 85647 | Zot:3    | Reached skill level 27 in Fighting
 85748 | Zot:3    | Reached skill level 10 in Spellcasting
 86449 | Zot:4    | Noticed an orb of fire
 86463 | Zot:4    | Killed an orb of fire
 86509 | Zot:5    | Entered Level 5 of the Realm of Zot
 86660 | Zot:4    | Reached skill level 10 in Earth Magic
 87282 | Zot:4    | Noticed an orb of fire
 87283 | Zot:4    | Gained mutation: Your muscles are strong. (Str +2) [an orb of fire]
 87283 | Zot:4    | Gained mutation: Scrolls take you a little longer to read. [an orb of fire]
 87307 | Zot:4    | Killed an orb of fire
 87531 | Zot:5    | Noticed kraedy's ghost (legendary GrFi)
 87565 | Zot:5    | Killed kraedy's ghost
 87565 | Zot:5    | Reached skill level 1 in Transmutations
 87579 | Zot:5    | Noticed tv1990's ghost (legendary FoNe)
 87670 | Zot:5    | Killed tv1990's ghost
 87987 | Zot:5    | Noticed an ancient lich
 88016 | Zot:5    | Killed an ancient lich
 88121 | Zot:5    | Noticed an ancient lich
 88131 | Zot:5    | Noticed an ancient lich
 88133 | Zot:5    | Killed an ancient lich
 88142 | Zot:5    | Killed an ancient lich
 88216 | Zot:4    | Reached skill level 5 in Transmutations
 88274 | Zot:4    | Received a gift from Kikubaaqudgha
 88285 | Zot:4    | Learned a level 8 spell: Necromutation
 88416 | Zot:5    | Noticed an orb of fire
 88420 | Zot:5    | Gained mutation: Potions and wands are less effective at restoring your health. [an orb of fire]
 88422 | Zot:5    | Noticed an orb of fire
 88427 | Zot:5    | Gained mutation: You tend to lose your temper in combat. [an orb of fire]
 88434 | Zot:5    | Noticed an orb of fire
 88434 | Zot:5    | Gained mutation: You are dopey. (Int -2) [an orb of fire]
 88440 | Zot:5    | Noticed an orb of fire
 88440 | Zot:5    | Gained mutation: You expend magic power (3 MP) to strengthen your wands. [an orb of fire]
 88447 | Zot:5    | Noticed an ancient lich
 88450 | Zot:5    | Killed an orb of fire
 88455 | Zot:5    | Killed an orb of fire
 88474 | Zot:5    | Killed an orb of fire
 88476 | Zot:5    | Noticed an orb of fire
 88480 | Zot:5    | Killed an orb of fire
 88484 | Zot:5    | Killed an ancient lich
 88497 | Zot:5    | Killed an orb of fire
 88639 | Zot:5    | Noticed an orb of fire
 88647 | Zot:5    | Gained mutation: Your magical capacity is low. (-10% MP) [an orb of fire]
 88648 | Zot:5    | Gained mutation: Scrolls take you longer to read. [an orb of fire]
 88651 | Zot:5    | Gained mutation: Your spells are a little easier to cast, but a little less powerful. [an orb of fire]
 88669 | Zot:5    | Killed an orb of fire
 88866 | Zot:5    | Noticed an ancient lich
 88878 | Zot:5    | Killed an ancient lich
 90025 | Slime:1  | Entered Level 1 of the Pits of Slime
 90268 | Slime:3  | Reached skill level 27 in Armour
 90405 | Slime:4  | Reached skill level 10 in Transmutations
 90493 | Slime:4  | Gained mutation: Scrolls take you much longer to read. [a shining eye]
 91087 | Slime:2  | Gained mutation: Your magical capacity is very low. (-20% MP) [a shining eye]
 91856 | Slime:5  | Entered Level 5 of the Pits of Slime
 91887 | Slime:5  | Gained mutation: You often lose your temper in combat. [a shining eye]
 91890 | Slime:5  | Reached skill level 15 in Earth Magic
 92312 | Slime:5  | Noticed the Royal Jelly
 92353 | Slime:5  | Killed the Royal Jelly
 92482 | Slime:5  | Identified the Catalogue of Enthralling Contamination
 92549 | Slime:5  | Identified the Incunabulum of the Aerial Blaze
 92553 | Slime:5  | Got a slimy rune of Zot
 92562 | Slime:5  | Got a fine iron ring
 92566 | Slime:5  | Identified the ring "Buzoeb" {Fire -Tele +Fly Str+3 Dex+3} (You found it on level 5 of the Pits of Slime)
 92587 | Slime:5  | Got a translucent wooden ring
 92591 | Slime:5  | Identified the ring "Fojiqu" {-Tele AC+1 Int+5} (You acquired it on level 5 of the Pits of Slime)
 93629 | Tomb:1   | Noticed Sagrath01's ghost (veteran DsWn)
 93675 | Tomb:1   | Killed Sagrath01's ghost
 93988 | Tomb:1   | Noticed a greater mummy
 93988 | Tomb:1   | Noticed a greater mummy
 94003 | Tomb:1   | Killed a greater mummy
 94003 | Tomb:1   | Reached skill level 15 in Dodging
 94016 | Tomb:1   | Killed a greater mummy
 94362 | Tomb:2   | Noticed a greater mummy
 94362 | Tomb:2   | Noticed a greater mummy
 94362 | Tomb:2   | Noticed a greater mummy
 94362 | Tomb:2   | Noticed a greater mummy
 94561 | Tomb:1   | Noticed a greater mummy
 94577 | Tomb:1   | Killed a greater mummy
 94607 | Tomb:1   | Noticed a greater mummy
 94621 | Tomb:1   | Killed a greater mummy
 94671 | Tomb:1   | Noticed a greater mummy
 94806 | Crypt:3  | Lost mutation: Your flesh is heat resistant. (rF+) [potion of cure mutation]
 94806 | Crypt:3  | Lost mutation: Your muscles are strong. (Str +2) [potion of cure mutation]
 94806 | Crypt:3  | Lost mutation: Your magical capacity is very low. (-20% MP) [potion of cure mutation]
 94806 | Crypt:3  | Lost mutation: You are clumsy. (Dex -2) [potion of cure mutation]
 94807 | Crypt:3  | Lost mutation: Your spells are a little easier to cast, but a little less powerful. [potion of cure mutation]
 94807 | Crypt:3  | Lost mutation: You are dopey. (Int -2) [potion of cure mutation]
 94807 | Crypt:3  | Lost mutation: You expend magic power (3 MP) to strengthen your wands. [potion of cure mutation]
 94807 | Crypt:3  | Lost mutation: Scrolls take you much longer to read. [potion of cure mutation]
 94807 | Crypt:3  | Lost mutation: Scrolls take you longer to read. [potion of cure mutation]
 94807 | Crypt:3  | Lost mutation: Your magical capacity is low. (-10% MP) [potion of cure mutation]
 94820 | Tomb:1   | Killed a greater mummy
 94876 | Tomb:1   | Noticed a greater mummy
 94892 | Tomb:1   | Killed a greater mummy
 94917 | Tomb:1   | Noticed a greater mummy
 94933 | Tomb:1   | Killed a greater mummy
 94960 | Tomb:1   | Noticed a greater mummy
 94983 | Tomb:1   | Killed a greater mummy
 95025 | Tomb:1   | Noticed a greater mummy
 95026 | Tomb:1   | Noticed a greater mummy
 95075 | Tomb:1   | Killed a greater mummy
 95139 | Tomb:1   | Killed a greater mummy
 95929 | Tomb:1   | Killed a greater mummy
 95998 | Tomb:1   | Killed a greater mummy
 96071 | Tomb:1   | Killed a greater mummy
 96133 | Tomb:2   | Killed a greater mummy
 96370 | Tomb:2   | Got a warped glass ring
 96376 | Tomb:2   | Identified the ring "Vykuraj" {rCorr rN++} (You found it on level 2 of the Tomb of the Ancients)
 96417 | Tomb:3   | Entered Level 3 of the Tomb of the Ancients
 96462 | Tomb:2   | Reached skill level 15 in Evocations
 96728 | Tomb:3   | Noticed a greater mummy
 96823 | Tomb:3   | Noticed a greater mummy
 96824 | Tomb:3   | Noticed a greater mummy
 96824 | Tomb:3   | Noticed a greater mummy
 96964 | Tomb:3   | Noticed a greater mummy
 96964 | Tomb:3   | Noticed an ancient lich
 97000 | Tomb:3   | Noticed a greater mummy
 97111 | Tomb:3   | Noticed a greater mummy
 97136 | Tomb:2   | Killed a greater mummy
 97397 | Tomb:3   | Noticed a greater mummy
 97534 | Tomb:2   | Killed a greater mummy
 97716 | Tomb:2   | Killed a greater mummy
 98052 | Tomb:2   | Killed a greater mummy
 98059 | Tomb:2   | Killed an ancient lich
 98302 | Tomb:2   | Killed a greater mummy
 98319 | Tomb:2   | Killed a greater mummy
 98326 | Tomb:2   | Killed a greater mummy
 98678 | Tomb:3   | Killed a greater mummy
 98862 | Tomb:3   | Got a golden rune of Zot
 99226 | Tomb:3   | Got a scorched buckler
 99229 | Tomb:3   | Identified the cursed +0 buckler "Umio" {Int+3} (You found it on level 3 of the Tomb of the Ancients)
 99272 | Tomb:3   | Got a smelly plate armour
 99764 | Hell     | Identified the +2 plate armour "Kexke" {rC+} (You found it on level 3 of the Tomb of the Ancients)
 99870 | Tar:1    | Entered Level 1 of Tartarus
 99875 | Tar:1    | Upgraded the game from 0.19.0-24-gb05acd6 to 0.19.0-26-g9e9c210
101990 | Tar:7    | Entered Level 7 of Tartarus
102274 | Tar:7    | HP: 11/273 [doom hound (11)]
103117 | Vaults:2 | Learned a level 6 spell: Iron Shot
103493 | Tar:6    | Reached skill level 1 in Conjurations
103782 | Tar:7    | Reached skill level 5 in Conjurations
103941 | Tar:7    | Identified Vamam's Collected Works on the Dusty Birds
103955 | Tar:7    | Got a pair of polished boots
103958 | Tar:7    | Identified the +2 pair of boots of Compression {rPois Int+2 Dex+3} (You found it on level 7 of Tartarus)
104524 | Tar:7    | Reached skill level 10 in Conjurations
105414 | Tar:7    | Identified the Volume of Confrontation
105435 | Tar:7    | Identified a +5 rod of inaccuracy (11/11) (You found it on level 7 of Tartarus)
106913 | Tar:7    | Noticed Ereshkigal
106943 | Tar:7    | Killed Ereshkigal
106983 | Tar:7    | Reached skill level 15 in Conjurations
107024 | Tar:7    | Got a bone rune of Zot
107591 | Geh:1    | Entered Level 1 of Gehenna
108609 | Geh:7    | Entered Level 7 of Gehenna
108958 | Geh:7    | Reached skill level 15 in Necromancy
110309 | Geh:7    | Gained mutation: You are partially covered in molten scales. (AC +2) [mutagenic glow]
110333 | Geh:7    | Gained mutation: Your body sometimes deteriorates upon taking damage. [mutagenic glow]
111121 | Geh:7    | Noticed Asmodeus
111153 | Geh:7    | Killed Asmodeus
111196 | Geh:7    | Got an obsidian rune of Zot
111810 | Zig:1    | Entered Level 1 of a ziggurat
111810 | Zig:1    | Noticed Jeidiked the pandemonium lord
111821 | Zig:1    | Killed Jeidiked the pandemonium lord
111832 | Zig:2    | Entered Level 2 of a ziggurat
111885 | Zig:3    | Entered Level 3 of a ziggurat
111891 | Zig:3    | Noticed Gusu the pandemonium lord
111918 | Zig:3    | Killed Gusu the pandemonium lord
112066 | Zig:4    | Entered Level 4 of a ziggurat
112090 | Zig:4    | Identified Zunittut's Volume of Transmigration
112268 | Zig:5    | Entered Level 5 of a ziggurat
112273 | Zig:5    | Noticed Couchir the pandemonium lord
112305 | Zig:5    | Killed Couchir the pandemonium lord
112437 | Zig:5    | Got a brightly glowing zirconium amulet
112440 | Zig:5    | Identified the amulet of Devotion {Spirit rF+ rC+ Int+4 Slay-3} (You acquired it on level 5 of a ziggurat)
112452 | Zig:6    | Entered Level 6 of a ziggurat
112569 | Zig:7    | Entered Level 7 of a ziggurat
112580 | Zig:7    | Noticed Caim the pandemonium lord
112593 | Zig:7    | HP: 9/253 [Ice Fiend/bolt of cold[Caim] (11)]
112594 | Zig:8    | Entered Level 8 of a ziggurat
112659 | Zig:8    | Gained mutation: You are dopey. (Int -2) [mutagenic glow]
112787 | Zig:8    | Gained mutation: You are weak. (Str -2) [mutagenic glow]
112811 | Zig:8    | Identified the Almanac of Existentialism
112950 | Zig:9    | Entered Level 9 of a ziggurat
113154 | Zig:10   | Entered Level 10 of a ziggurat
113171 | Zig:10   | Noticed Beiqurgh the pandemonium lord
113185 | Depths:5 | Killed from afar by Beiqurgh the pandemonium lord

Skill      XL: |  1  2  3  4  5  6  7  8  9 10 11 12 13 14 15 16 17 18 19 20 21 22 23 24 25 26 27 |
---------------+----------------------------------------------------------------------------------+-----
Fighting       | 4 5 6 7 8 10 11 12 13 14 15 16 17 18 20 21 22 23 24 27 | 27.0
Axes           | 3 4 5 6 7 8 10 11 12 14 15 16 17 19 20 21 22 23 24 25 26 27 | 27.0
Armour         | 4 5 6 7 9 10 11 12 13 14 15 16 17 18 19 20 21 22 23 27 | 27.0
Evocations     | 2 5 7 8 10 11 12 13 18 | 18.0
Invocations    | 2 5 7 9 10 | 10.0
Spellcasting   | 1 2 4 12 | 12.0
Charms         | 6 9 |  9.0
Air Magic      | 6 8 |  8.1
Translocations | 4 8 11 | 11.0
Dodging        | 7 10 19 | 19.8
Necromancy     | 3 18 | 18.0
Summonings     | 6 |  6.0
Earth Magic    | 18 | 18.1
Transmutations | 10 | 10.1
Conjurations   | 18 | 18.0
Shields        | |  3.2

Action                   |  1- 3 |  4- 6 |  7- 9 | 10-12 | 13-15 | 16-18 | 19-21 | 22-24 | 25-27 || total
-------------------------+-------+-------+-------+-------+-------+-------+-------+-------+-------++-------
Melee: War axe           |    74 |   169 |       |   197 |   166 |     7 |       |       |       ||   613
       Hand axe          |       |    16 |   291 |   291 |       |       |   129 |   173 |   546 ||  1446
       Battleaxe         |       |       |       |    64 |   801 |   711 |  1175 |  1328 |  1075 ||  5154
       Spear             |       |       |       |    44 |       |       |       |       |       ||    44
       Glaive            |       |       |       |       |     7 |       |       |       |       ||     7
       Executioner's axe |       |       |       |       |       |       |       |    39 |  5274 ||  5313
       Broad axe         |       |       |       |       |       |       |       |       |   977 ||   977
       Staff             |       |       |       |       |       |       |       |       |     8 ||     8
 Cast: Repel Missiles    |       |       |       |       |       |       |     6 |    10 |    55 ||    71
       Regeneration      |       |       |       |       |       |       |       |       |   444 ||   444
       Shroud of Golubri |       |       |       |       |       |       |       |       |   138 ||   138
       Song of Slaying   |       |       |       |       |       |       |       |       |    22 ||    22
       Lee's Rapid Decon |       |       |       |       |       |       |       |       |    96 ||    96
       Animate Dead      |       |       |       |       |       |       |       |       |    46 ||    46
       Lesser Beckoning  |       |       |       |       |       |       |       |       |    45 ||    45
       Iron Shot         |       |       |       |       |       |       |       |       |    18 ||    18
       Apportation       |       |       |       |       |       |       |       |       |    17 ||    17
       Passage of Golubr |       |       |       |       |       |       |       |       |     2 ||     2
       Swiftness         |       |       |       |       |       |       |       |       |     1 ||     1
Invok: Receive Corpses   |       |       |       |       |       |       |       |       |    44 ||    44
       Receive Necronomi |       |       |       |       |       |       |       |       |     1 ||     1
 Abil: Evoke Invisibilit |       |       |       |       |     2 |     4 |       |       |    32 ||    38
       Evoke Berserk Rag |       |       |       |       |     1 |     5 |     3 |     5 |     3 ||    17
       Evoke Flight      |       |       |       |       |       |     3 |       |     3 |     4 ||    10
       Stop Flying       |       |       |       |       |       |     2 |       |     3 |       ||     5
       Turn Visible      |       |       |       |       |       |       |       |       |     2 ||     2
Evoke: Wand              |       |       |       |     3 |     8 |    28 |    29 |    50 |   123 ||   241
       Lamp of fire      |       |       |       |       |       |     1 |       |       |       ||     1
       Fan of gales      |       |       |       |       |       |       |       |     1 |       ||     1
       Disc of storms    |       |       |       |       |       |       |       |       |    69 ||    69
       Rod               |       |       |       |       |       |       |       |       |     4 ||     4
       Staff of energy   |       |       |       |       |       |       |       |       |   178 ||   178
       Box of beasts     |       |       |       |       |       |       |       |       |     6 ||     6
       Phantom mirror    |       |       |       |       |       |       |       |       |     1 ||     1
  Use: Scroll            |     2 |     5 |    13 |     9 |    14 |    11 |    22 |    16 |    72 ||   164
       Potion            |       |     2 |     5 |     4 |     1 |     1 |    10 |     2 |    53 ||    78
 Stab: Invisible         |       |       |       |       |     4 |     9 |       |       |    92 ||   105
       Distracted        |       |       |       |       |       |       |     1 |     2 |    15 ||    18
       Paralysed         |       |       |       |       |       |       |       |     1 |     9 ||    10
       Petrified         |       |       |       |       |       |       |       |       |     2 ||     2
       Petrifying        |       |       |       |       |       |       |       |       |     1 ||     1
       Betrayed ally     |       |       |       |       |       |       |       |       |     1 ||     1
  Eat: Chunk             |       |     4 |    22 |    22 |    30 |    25 |    26 |    42 |   143 ||   314
       Beef jerky        |       |       |       |       |     1 |     1 |     1 |       |     6 ||     9
       Meat ration       |       |       |       |       |     1 |     1 |       |       |     7 ||     9
       Bread ration      |       |       |       |       |       |     1 |     3 |     1 |    14 ||    19
       Pizza             |       |       |       |       |       |     1 |       |       |     2 ||     3
       Royal jelly       |       |       |       |       |       |       |     1 |       |     4 ||     5
       Fruit             |       |       |       |       |       |       |       |       |    13 ||    13
Armor: Scale mail        |     6 |       |       |       |       |       |       |       |       ||     6
       Chain mail        |    42 |   120 |    37 |       |       |       |       |       |       ||   199
       Skin              |       |     6 |       |       |       |       |       |       |       ||     6
       Plate armour      |       |       |   126 |   401 |   561 |   402 |   986 |  1207 |  1355 ||  5038
       Crystal plate arm |       |       |       |       |       |       |       |       |  3946 ||  3946
Dodge: Dodged            |    25 |    84 |    61 |   157 |   374 |   280 |   606 |   621 |  4445 ||  6653
       Deflected         |       |       |       |       |       |       |    18 |    30 |   214 ||   262
Block: Shield            |     8 |       |       |       |       |       |       |       |       ||     8
       Buckler           |       |       |       |       |       |       |     3 |       |   381 ||   384
